 Dungeon Crawl Stone Soup version 0.26.1-11-gd32895ea62 (webtiles) character file.

Game seed: 8510683438978080500

3504 MisterFreud the Grappler (level 9, -1/88 HPs)
             Began as a Troll Monk on May 17, 2021.
             Slain by a red ugly thing (16 damage)
             ... on level 7 of the Dungeon.
             The game lasted 00:08:40 (4997 turns).

MisterFreud the Grappler (Troll Monk)               Turns: 4997, Time: 00:08:41

Health: -1/88      AC:  8    Str: 25    XL:     9   Next: 80%
Magic:  8/8        EV: 14    Int:  6    God:
Gold:   90         SH:  0    Dex: 23    Spells: 8/8 levels left

rFire    . . .     SeeInvis .     - Unarmed
rCold    + . .     Faith    .   (no shield)
rNeg     + + .     Spirit   .   A - +1 robe of Spring Thaw {*Drain rN++ Str+4 Dex+2} (curse)
rPois    .         Reflect  .   (helmet restricted)
rElec    .         Harm     .   l - +0 cloak
rCorr    .         Rampage  .   (gloves unavailable)
Will     .....                  (boots unavailable)
Stlth    ++........             (no amulet)
HPRegen  0.64/turn              o - ring of protection from cold
MPRegen  0.11/turn              z - +6 ring of dexterity

@: no status effects
A: large, unfitting armour, claws 3, regeneration 1, shaggy fur 1, tough skin 3
a: no special abilities


You were on level 7 of the Dungeon.
You visited 2 branches of the dungeon, and saw 8 of its levels.

You collected 307 gold pieces.
You spent 217 gold pieces at shops.

Inventory:

Missiles
 u - 5 boomerangs (quivered)
Armour
 a - a +0 robe
 l - a +0 cloak (worn)
 A - the cursed +1 robe of Spring Thaw (worn) {*Drain rN++ Str+4 Dex+2}
   (You bought it in a shop on level 6 of the Dungeon)

   It affects your strength (+4).
   It affects your dexterity (+2).
   It greatly protects you from negative energy.
   It causes draining when unequipped.
   It has a curse placed upon it.
Jewellery
 o - a ring of protection from cold (left claw)
 z - a +6 ring of dexterity (right claw)
Wands
 i - a wand of flame (19)
 k - a wand of polymorph (7)
Scrolls
 d - 4 scrolls of remove curse
 e - a scroll of random uselessness
 g - a scroll of immolation {unknown}
 j - a scroll of enchant weapon {unknown}
 m - a scroll of blinking {unknown}
 p - a scroll of fear {unknown}
 q - a scroll of enchant armour {unknown}
 v - 2 scrolls of fog {unknown}
 x - 3 scrolls of amnesia {unknown}
 y - 2 scrolls of teleportation
Potions
 b - 2 potions of ambrosia
 f - a potion of brilliance
 h - 2 potions of haste
 n - 4 potions of berserk rage
 r - 4 potions of curing
 t - 2 potions of degeneration {unknown}
 w - a potion of heal wounds {unknown}


   Skills:
 - Level 5.0 Fighting
 + Level 6.7 Throwing
 - Level 5.0 Dodging
 - Level 1.0 Stealth
 + Level 9.9 Unarmed Combat


You had 8 spell levels left.
You didn't know any spells.
Your spell library was empty.

Dungeon Overview and Level Annotations

Branches:
Dungeon (7/15)             Temple (1/1) D:6

Altars:
Ashenzari
Cheibriados
Dithmenos
Elyvilon
Fedhas
Gozag
Nemelex Xobeh
Okawaru
Ru
Sif Muna
Uskayaw
Wu Jian

Shops:
D:6 *


Innate Abilities, Weirdness & Mutations

You are too large for most types of armour.
You have claws for hands.
Your natural rate of healing is unusually fast.
You are covered in fur. (AC +1)
You have extremely tough skin. (AC +3)


Message History

You kill the troll!
The red ugly thing bites you!
* * * LOW HITPOINT WARNING * * *
You are engulfed in flames!!
* * * LOW HITPOINT WARNING * * *
The giant cockroach barely misses you. The red ugly thing barely misses you.
The giant cockroach bites you but does no damage.
Things that are here:
the cursed +2 mace of Cheese {vamp, +Blink Will+ Str+4}; a cursed -1 shortbow; 40 arrows The red ugly thing barely misses you.
The giant cockroach misses you.
Found 15 gold pieces.
An iguana comes into view.
Found 28 gold pieces.
A bullfrog skeleton comes into view.
The iguana hisses angrily.
The red ugly thing bites you.
* * * LOW HITPOINT WARNING * * *
You are engulfed in flames!
You die...

####.#.##.l,**.**#.#..,..#...#
.....#...,,,,..#"#..#$*$#....#
.....#.#,!,*B#.#.#.#$.,.,#.#.##
####...#,#...*,....*.$#$,#....#
#..l###.#####.#####.###....###
##......................##.#..
##..###.......####.###.......
#..#####.....####l# ###..... ****
##..##.....@u.....### #.....
,,,***##..)..####Z.......###..)..
,,,,,,*#..#### ##.....†)....#†#8
,,,,,....## *#........###.#(#∩
,,,.......*** #..........####.#.
,,........,,* #..........#* #.#.
,,.........,* #...........# #.8.
,,.).......,* #...........#*#.#.
,,.......,,,* #............##.#.


You could see a red ugly thing, an iguana and a bullfrog skeleton.

Vanquished Creatures
  A two-headed ogre (D:6)
  A troll (D:7)
  Prince Ribbit (D:6)
  Sigmund (D:2)
  A yak (D:6)
  Edmund (D:4)
  A sky beast (D:7)
  An orc warrior (D:7)
  2 phantoms
  An ogre (D:6)
  3 centaurs
  A bullfrog (D:6)
  A scorpion (D:5)
  A water moccasin skeleton (D:4)
  4 howler monkeys
  3 orc priests (D:3)
  Crazy Yiuf (D:2)
  4 hounds
  3 bullfrog skeletons
  A centaur skeleton (D:7)
  2 iguanas (D:4)
  Natasha (D:4)
  3 orc wizards
  8 worker ants
  2 hound zombies
  A hound skeleton (D:6)
  Robin (D:2)
  4 gnolls (D:5)
  9 adders
  A shadow imp (D:5)
  2 white imps (D:6)
  An ooze (D:3)
  An adder skeleton (D:4)
  3 worms (D:3)
  3 dart slugs
  7 leopard geckos
  29 orcs
  3 ball pythons
  4 giant cockroaches
  18 goblins
  11 hobgoblins
  12 jackals
  4 quokkas (D:6)
  6 bats
  6 frilled lizards
  14 kobolds
  A leopard gecko skeleton (D:5)
  A quokka skeleton (D:6)
  4 rats
195 creatures vanquished.

Vanquished Creatures (others)
  A goblin (D:2)
  3 plants (D:4)
4 creatures vanquished.

Grand Total: 199 creatures vanquished

Notes
Turn   | Place    | Note
-------+----------+-------------------------------------------
     0 | D:1      | MisterFreud the Troll Monk began the quest for the Orb.
     0 | D:1      | Reached XP level 1. HP: 22/22 MP: 0/0
    74 | D:1      | Reached XP level 2. HP: 29/29 MP: 1/1
   270 | D:1      | Reached skill level 4 in Unarmed Combat
   492 | D:2      | Reached XP level 3. HP: 36/36 MP: 2/2
   515 | D:2      | Found a shimmering blue altar of Sif Muna.
   681 | D:2      | Found a runed translucent door.
   682 | D:2      | Noticed Crazy Yiuf
   691 | D:2      | Killed Crazy Yiuf
   692 | D:2      | Reached skill level 5 in Unarmed Combat
   692 | D:2      | Reached XP level 4. HP: 41/44 MP: 3/3
   776 | D:2      | Noticed Sigmund
   800 | D:2      | Killed Sigmund
   801 | D:2      | Reached skill level 6 in Unarmed Combat
   801 | D:2      | Reached XP level 5. HP: 18/50 MP: 4/4
   902 | D:2      | Noticed Robin
  1001 | D:2      | Killed Robin
  1265 | D:3      | Found a sacrificial altar of Ru.
  1278 | D:3      | Reached XP level 6. HP: 59/59 MP: 5/5
  1324 | D:3      | Reached skill level 7 in Unarmed Combat
  1537 | D:3      | Found a broken altar of Ashenzari.
  2083 | D:4      | Reached skill level 1 in Throwing
  2087 | D:4      | Reached XP level 7. HP: 61/66 MP: 6/6
  2147 | D:4      | Reached skill level 8 in Unarmed Combat
  2352 | D:4      | Found an iron altar of Okawaru.
  2383 | D:4      | Noticed Edmund
  2396 | D:4      | Killed Edmund
  2447 | D:4      | Noticed Natasha
  2454 | D:4      | Killed Natasha
  2783 | D:5      | Entered Level 5 of the Dungeon
  2961 | D:5      | Reached XP level 8. HP: 74/75 MP: 7/7
  3299 | D:5      | Found an ornate altar of the Wu Jian Council.
  3331 | D:5      | Found a snail-covered altar of Cheibriados.
  3331 | D:5      | Found a shadowy altar of Dithmenos.
  3338 | D:5      | Found a blossoming altar of Fedhas.
  3340 | D:5      | Found a sparkling altar of Nemelex Xobeh.
  3726 | D:6      | Found a staircase to the Ecumenical Temple.
  3740 | Temple   | Entered the Ecumenical Temple
  3813 | D:6      | Noticed a two-headed ogre
  3826 | D:6      | Killed a two-headed ogre
  3827 | D:6      | Reached skill level 5 in Fighting
  3827 | D:6      | Reached skill level 5 in Dodging
  4037 | D:6      | Found Riduphu's Assorted Antiques.
  4051 | D:6      | Bought a scroll labelled WOAW INUPAMIU for 25 gold pieces
  4051 | D:6      | Bought a scroll labelled BOUMET MAGU for 25 gold pieces
  4051 | D:6      | Bought a scroll labelled ACVUME JYPLA for 25 gold pieces
  4099 | D:6      | Reached XP level 9. HP: 88/88 MP: 8/8
  4529 | D:6      | Reached skill level 5 in Throwing
  4655 | D:6      | Noticed Prince Ribbit
  4665 | D:6      | Killed Prince Ribbit
  4666 | D:6      | Reached skill level 9 in Unarmed Combat
  4802 | D:6      | Bought a dull robe for 142 gold pieces
  4812 | D:6      | Identified the cursed +1 robe of Spring Thaw {*Drain rN++
                  | Str+4 Dex+2} (You bought it in a shop on level 6 of the
                  | Dungeon)
  4906 | D:7      | Identified the cursed +2 mace of Cheese {vamp, +Blink Will+
                  | Str+4}
  4968 | D:7      | Noticed a red ugly thing
  4970 | D:7      | Noticed a troll
  4977 | D:7      | Killed a troll
  4977 | D:7      | HP: 3/88 [red ugly thing (22)]
  4997 | D:7      | Slain by a red ugly thing

Illustrated notes

Levels and vault maps discovered:
D:1:      mushboom_english_gardens, layout_basic
D:2:      layout_rooms, nicolae_overflow_crystal_walls, uniq_sigmund,
          uniq_crazy_yiuf_cottage, uniq_robin
D:3:      layout_loops_ring, nicolae_overflow_hidden_temple,
          lemuel_doored_altar, chequers_serial_rivers_small_3
D:4:      corexii_shack_village, layout_loops_ring, okawaru_gym_becter,
          uniq_natasha, uniq_edmund
D:5:      layout_basic, minitemple, serial_rivers,
          chequers_serial_rivers_micro_d, chequers_serial_rivers_marsh,
          chequers_serial_rivers_micro_e, chequers_serial_rivers_micro_e,
          grunt_ministairs_2
D:6:      kennysheep_windowed_halls, layout_gridville,
          minmay_temple_entry_purple_smoke, serial_shops,
          nicolae_shop_statue_plus, minmay_between, uniq_prince_ribbit1
D:7:      minmay_the_grid_square_5x5_3x3 [minmay_the_grid_square_5x5_minimal,
          minmay_the_grid_square_5x5_tetrominoes,
          minmay_the_grid_square_5x5_mess, minmay_the_grid_square_5x5_shrine2,
          minmay_the_grid_square_5x5_megaprize_open,
          minmay_the_grid_square_5x5_minibox, minmay_the_grid_square_5x5_two,
          minmay_the_grid_square_5x5_one_wall,
          minmay_the_grid_square_5x5_moneybag], layout_cave_pods,
          enter_bailey_8, serial_glass, glass_columns_b, glass_columns_c,
          nicolae_ru_sacrificial_ziggurat, uniq_joseph
Temple:   compressed_dpeg_circular_temple

Skill      XL: |  1  2  3  4  5  6  7  8  9 |
---------------+----------------------------+-----
Unarmed Combat | 4 5 6 7 8 9 |  9.9
Throwing       | 1 4 6 |  6.7
Fighting       | 3 5 |  5.0
Dodging        | 3 5 |  5.0
Stealth        | |  1.0

Action                   |  1- 3 |  4- 6 |  7- 9 || total
-------------------------+-------+-------+-------++-------
Melee: Unarmed           |   101 |   178 |   281 ||   560
       Punch             |     2 |     3 |    10 ||    15
Throw: Boomerang         |       |       |     4 ||     4
       Throwing net      |       |       |     1 ||     1
  Use: Scroll            |       |       |     9 ||     9
 Stab: Sleeping          |     3 |     3 |     7 ||    13
Armor: Robe              |    30 |    62 |    65 ||   157
Dodge: Dodged            |    44 |    82 |   140 ||   266
